[ AOE2 MATCH · #505987412 ]
UnrankedLithuanians vs Malay
Rival team · LOSS
[ REPLAY ANALYSIS · EXTRACTED FROM THE RECORDED GAME ]
Feudal
10:05
Castle
19:23
Imperial
34:12
| APM avg | 89.7 |
| APM peak | 148 |
| eAPM avg | 59.2 |
| Villagers / military | 215 / 578 |
Focus
⚔️ 58.8% · 🌾 41.2%
Scout Cavalry ×283 · Skirmisher ×166 · Knight ×104 · Trebuchet (Packed) ×11 · Monk ×6 · Mangonel ×4
Feudal
10:36
Castle
19:44
Imperial
30:08
| APM avg | 47.9 |
| APM peak | 107 |
| eAPM avg | 22.7 |
| Villagers / military | 226 / 275 |
Focus
⚔️ 41.2% · 🌾 58.8%
Spearman ×152 · Archer ×90 · Militia ×20 · Bombard Cannon ×8 · Monk ×3 · Battle Elephant ×1
Match map
Initial resources + every placement click. Lines = walls · curves = elevation contours. ◆ gold · ⬟ stone · ● berries · ✦ relic · ◌ wall gap
Your base· ✓ Closed at 19:23 · 34t walls · no gate
Trundle the Great's base· ✓ Closed at 19:44 · 57t walls · 1 gate(s)
Smoothed initial terrain · ◌ = detected wall gap · hover for details
Inputs per minute
— hk | DedeadorBoing - - Trundle the Great
Build order — hk | DedeadorBoing
First 150 of 890 actions detected
| 0:00 | Create | Villager (Male) |
| 0:03 | Build | House |
| 0:04 | Build | House |
| 0:05 | Create | Villager (Male) |
| 0:07 | Create | Villager (Male) |
| 0:08 | Create | Villager (Male) |
| 0:09 | Create | Villager (Male) |
| 0:12 | Create | Villager (Male) |
| 1:11 | Create | Villager (Male) |
| 1:53 | Build | Lumber Camp |
| 1:59 | Create | Villager (Male) |
| 2:20 | Create | Villager (Male) |
| 2:20 | Create | Villager (Male) |
| 2:42 | Create | Villager (Male) |
| 3:01 | Build | House |
| 3:04 | Create | Villager (Male) |
| 3:16 | Build | House |
| 3:17 | Build | Palisade Wall |
| 3:29 | Create | Villager (Male) |
| 3:42 | Create | Villager (Male) |
| 3:42 | Create | Villager (Male) |
| 4:03 | Create | Villager (Male) |
| 4:20 | Build | Palisade Wall |
| 4:20 | Build | Palisade Wall |
| 4:22 | Build | Palisade Wall |
| 4:25 | Build | Palisade Wall |
| 4:29 | Build | Palisade Wall |
| 4:38 | Research | Loom |
| 5:06 | Create | Villager (Male) |
| 5:25 | Create | Villager (Male) |
| 5:27 | Create | Villager (Male) |
| 6:09 | Create | Villager (Male) |
| 6:43 | Build | Mill |
| 7:01 | Create | Villager (Male) |
| 7:34 | Build | Palisade Wall |
| 7:35 | Build | Palisade Wall |
| 7:38 | Build | Palisade Wall |
| 7:38 | Build | Palisade Wall |
| 7:39 | Build | Palisade Wall |
| 7:40 | Build | Palisade Wall |
| 7:47 | Build | Palisade Wall |
| 7:47 | Build | Palisade Wall |
| 7:51 | Build | Palisade Wall |
| 7:52 | Create | Villager (Male) |
| 7:54 | Research | Feudal Age |
| 7:55 | Research | Feudal Age |
| 7:55 | Research | Feudal Age |
| 8:07 | Build | Palisade Wall |
| 8:28 | Build | Barracks |
| 8:53 | Create | Villager (Male) |
| 9:18 | Build | Palisade Wall |
| 9:18 | Create | Villager (Male) |
| 9:40 | Build | House |
| 10:05 | Age | Feudal Age |
| 10:12 | Research | Double-Bit Axe |
| 10:13 | Research | Double-Bit Axe |
| 10:13 | Research | Horse Collar |
| 10:13 | Research | Horse Collar |
| 10:22 | Create | Villager (Male) |
| 10:30 | Build | Palisade Wall |
| 10:32 | Build | House |
| 10:37 | Build | Farm |
| 10:39 | Build | Farm |
| 10:42 | Create | Villager (Male) |
| 11:02 | Build | Farm |
| 11:43 | Build | House |
| 11:44 | Build | Palisade Wall |
| 11:48 | Build | Stable |
| 11:48 | Create | Villager (Male) |
| 11:49 | Build | Palisade Wall |
| 11:54 | Create | Villager (Male) |
| 12:12 | Build | Blacksmith |
| 12:35 | Create | Villager (Male) |
| 12:35 | Create | Villager (Male) |
| 12:41 | Build | Palisade Wall |
| 12:54 | Build | Mining Camp |
| 13:16 | Create | Scout Cavalry |
| 13:24 | Create | Villager (Male) |
| 13:40 | Create | Villager (Male) |
| 13:42 | Build | Farm |
| 13:45 | Build | Farm |
| 13:55 | Build | Farm |
| 14:15 | Create | Villager (Male) |
| 14:17 | Build | Farm |
| 14:35 | Build | Farm |
| 14:39 | Create | Villager (Male) |
| 15:02 | Build | Farm |
| 15:08 | Create | Villager (Male) |
| 15:16 | Build | Farm |
| 15:28 | Create | Villager (Male) |
| 15:38 | Build | Farm |
| 16:00 | Build | Farm |
| 16:03 | Build | Farm |
| 16:07 | Create | Villager (Male) |
| 16:13 | Build | Lumber Camp |
| 16:44 | Research | Castle Age |
| 17:09 | Build | Farm |
| 17:11 | Create | Spearman |
| 17:26 | Build | House |
| 17:27 | Build | House |
| 17:29 | Build | Palisade Wall |
| 17:56 | Build | House |
| 17:58 | Build | Palisade Wall |
| 18:10 | Research | Wheelbarrow |
| 18:47 | Build | Market |
| 19:23 | Age | Castle Age |
| 19:27 | Build | Town Center |
| 19:31 | Build | House |
| 19:36 | Build | Town Center |
| 19:44 | Build | Palisade Wall |
| 19:45 | Create | Villager (Male) |
| 19:50 | Research | Bow Saw |
| 19:50 | Research | Bow Saw |
| 20:18 | Create | Scout Cavalry |
| 20:21 | Research | Heavy Plow |
| 20:22 | Research | Heavy Plow |
| 20:29 | Build | Farm |
| 20:30 | Create | Villager (Male) |
| 20:38 | Create | Villager (Male) |
| 20:42 | Create | Villager (Male) |
| 20:46 | Build | Monastery |
| 20:46 | Create | Villager (Male) |
| 20:49 | Create | Villager (Male) |
| 20:54 | Build | Farm |
| 21:03 | Create | Villager (Male) |
| 21:11 | Build | Siege Workshop |
| 21:13 | Create | Villager (Male) |
| 21:18 | Create | Villager (Male) |
| 21:22 | Create | Villager (Male) |
| 21:30 | Build | Farm |
| 21:33 | Build | Farm |
| 21:35 | Create | Villager (Male) |
| 21:36 | Create | Villager (Male) |
| 21:38 | Create | Villager (Male) |
| 21:46 | Create | Mangonel |
| 21:50 | Create | Villager (Male) |
| 22:04 | Create | Villager (Male) |
| 22:06 | Build | Town Center |
| 22:09 | Create | Villager (Male) |
| 22:17 | Create | Villager (Male) |
| 22:23 | Build | Farm |
| 22:24 | Create | Villager (Male) |
| 22:28 | Create | Villager (Male) |
| 22:29 | Create | Villager (Male) |
| 22:43 | Build | House |
| 22:50 | Create | Villager (Male) |
| 22:57 | Build | Farm |
| 22:57 | Create | Villager (Male) |
| 23:00 | Create | Villager (Male) |
| 23:02 | Build | Farm |
Build order — Trundle the Great
First 150 of 722 actions detected
| 0:00 | Create | Villager (Male) |
| 0:01 | Create | Villager (Male) |
| 0:02 | Build | House |
| 0:03 | Build | House |
| 0:20 | Create | Villager (Male) |
| 0:20 | Create | Villager (Male) |
| 1:31 | Create | Villager (Male) |
| 1:59 | Create | Villager (Male) |
| 2:18 | Create | Villager (Male) |
| 2:39 | Create | Villager (Male) |
| 2:59 | Build | Barracks |
| 3:28 | Create | Villager (Male) |
| 3:28 | Create | Villager (Male) |
| 3:32 | Build | House |
| 4:14 | Create | Militia |
| 4:15 | Create | Villager (Male) |
| 4:42 | Create | Militia |
| 4:43 | Create | Villager (Male) |
| 5:19 | Create | Villager (Male) |
| 5:33 | Build | House |
| 5:36 | Build | Lumber Camp |
| 5:39 | Create | Villager (Male) |
| 6:16 | Create | Villager (Male) |
| 6:41 | Create | Villager (Male) |
| 6:49 | Build | Mill |
| 7:28 | Create | Villager (Male) |
| 7:56 | Create | Villager (Male) |
| 7:57 | Research | Loom |
| 9:18 | Research | Feudal Age |
| 9:35 | Build | Palisade Wall |
| 9:47 | Build | House |
| 9:49 | Build | Palisade Wall |
| 9:51 | Build | Palisade Wall |
| 10:26 | Build | Palisade Wall |
| 10:29 | Create | Villager (Male) |
| 10:36 | Age | Feudal Age |
| 10:38 | Build | Archery Range |
| 10:39 | Create | Spearman |
| 10:42 | Research | Double-Bit Axe |
| 11:05 | Build | Palisade Wall |
| 11:05 | Create | Villager (Male) |
| 11:24 | Create | Villager (Male) |
| 11:40 | Build | Palisade Gate |
| 11:46 | Build | Mining Camp |
| 11:49 | Create | Villager (Male) |
| 11:59 | Create | Villager (Male) |
| 12:10 | Build | Farm |
| 12:15 | Create | Archer |
| 12:31 | Create | Villager (Male) |
| 12:35 | Build | House |
| 12:50 | Create | Archer |
| 12:53 | Build | Farm |
| 12:59 | Build | Palisade Wall |
| 13:07 | Build | Palisade Wall |
| 13:10 | Create | Villager (Male) |
| 13:23 | Create | Archer |
| 13:30 | Build | Farm |
| 13:33 | Create | Villager (Male) |
| 13:54 | Create | Villager (Male) |
| 13:57 | Build | Palisade Wall |
| 14:01 | Create | Archer |
| 14:10 | Build | House |
| 14:20 | Create | Villager (Male) |
| 14:24 | Build | Lumber Camp |
| 14:28 | Create | Archer |
| 14:38 | Build | Farm |
| 14:53 | Create | Villager (Male) |
| 14:55 | Create | Archer |
| 14:59 | Build | House |
| 15:00 | Build | House |
| 15:15 | Create | Villager (Male) |
| 15:18 | Build | Farm |
| 15:40 | Build | Blacksmith |
| 15:43 | Create | Villager (Male) |
| 15:44 | Create | Archer |
| 15:48 | Build | Farm |
| 15:56 | Build | Farm |
| 16:01 | Build | House |
| 16:06 | Create | Villager (Male) |
| 16:07 | Create | Archer |
| 16:18 | Build | Farm |
| 16:21 | Build | Farm |
| 16:30 | Create | Villager (Male) |
| 16:32 | Build | Farm |
| 16:35 | Build | House |
| 16:53 | Create | Villager (Male) |
| 17:03 | Build | Market |
| 17:16 | Create | Archer |
| 17:17 | Create | Villager (Male) |
| 17:28 | Build | Farm |
| 17:49 | Create | Archer |
| 17:52 | Build | Farm |
| 18:08 | Research | Castle Age |
| 18:34 | Build | Farm |
| 18:37 | Build | Farm |
| 18:38 | Research | Horse Collar |
| 18:45 | Build | House |
| 18:50 | Create | Archer |
| 19:03 | Build | Farm |
| 19:05 | Research | Fletching |
| 19:39 | Create | Villager (Male) |
| 19:44 | Age | Castle Age |
| 19:52 | Build | Town Center |
| 19:55 | Build | Monastery |
| 19:59 | Research | Bodkin Arrow |
| 20:12 | Create | Villager (Male) |
| 20:31 | Research | Crossbowman (upgrade) |
| 20:35 | Create | Villager (Male) |
| 21:00 | Create | Villager (Male) |
| 21:19 | Create | Villager (Male) |
| 21:20 | Create | Villager (Male) |
| 21:26 | Build | Farm |
| 21:30 | Create | Villager (Male) |
| 21:39 | Build | Town Center |
| 21:40 | Create | Villager (Male) |
| 21:47 | Build | Palisade Wall |
| 21:55 | Create | Monk |
| 22:06 | Create | Archer |
| 22:07 | Create | Archer |
| 22:12 | Build | Farm |
| 22:12 | Build | Farm |
| 22:21 | Create | Villager (Male) |
| 22:24 | Build | Farm |
| 22:26 | Create | Villager (Male) |
| 22:29 | Create | Monk |
| 22:30 | Create | Archer |
| 22:48 | Build | House |
| 22:49 | Build | House |
| 22:49 | Build | House |
| 22:50 | Create | Villager (Male) |
| 22:51 | Create | Villager (Male) |
| 23:02 | Create | Monk |
| 23:05 | Create | Villager (Male) |
| 23:05 | Create | Villager (Male) |
| 23:07 | Build | House |
| 23:08 | Build | House |
| 23:09 | Build | House |
| 23:10 | Build | House |
| 23:12 | Research | Wheelbarrow |
| 23:42 | Create | Villager (Male) |
| 23:42 | Create | Villager (Male) |
| 23:50 | Create | Villager (Male) |
| 23:50 | Create | Villager (Male) |
| 23:57 | Build | University |
| 24:09 | Create | Villager (Male) |
| 24:09 | Create | Villager (Male) |
| 24:17 | Build | Mining Camp |
| 24:48 | Create | Villager (Male) |
| 25:03 | Build | Farm |
| 25:04 | Build | Farm |
Match timeline
| 2:59 | Trundle the Great · first_building Barracks |
| 3:17 | hk | DedeadorBoing · wall_segment Palisade Wall x1 |
| 4:20 | hk | DedeadorBoing · wall_segment Palisade Wall x1 |
| 4:20 | hk | DedeadorBoing · wall_segment Palisade Wall x1 |
| 4:22 | hk | DedeadorBoing · wall_segment Palisade Wall x1 |
| 4:25 | hk | DedeadorBoing · wall_segment Palisade Wall x1 |
| 4:29 | hk | DedeadorBoing · wall_segment Palisade Wall x1 |
| 7:34 | hk | DedeadorBoing · wall_segment Palisade Wall x1 |
| 7:35 | hk | DedeadorBoing · wall_segment Palisade Wall x1 |
| 7:38 | hk | DedeadorBoing · wall_segment Palisade Wall x1 |
| 7:38 | hk | DedeadorBoing · wall_segment Palisade Wall x1 |
| 7:39 | hk | DedeadorBoing · wall_segment Palisade Wall x1 |
| 7:40 | hk | DedeadorBoing · wall_segment Palisade Wall x1 |
| 7:47 | hk | DedeadorBoing · wall_segment Palisade Wall x1 |
| 7:47 | hk | DedeadorBoing · wall_segment Palisade Wall x1 |
| 7:51 | hk | DedeadorBoing · wall_segment Palisade Wall x1 |
| 8:07 | hk | DedeadorBoing · wall_segment Palisade Wall x1 |
| 8:28 | hk | DedeadorBoing · first_building Barracks |
| 9:18 | hk | DedeadorBoing · wall_segment Palisade Wall x2 |
| 9:35 | Trundle the Great · wall_segment Palisade Wall x8 |
| 9:49 | Trundle the Great · wall_segment Palisade Wall x7 |
| 9:51 | Trundle the Great · wall_segment Palisade Wall x5 |
| 10:05 | hk | DedeadorBoing · age_up feudal |
| 10:26 | Trundle the Great · wall_segment Palisade Wall x13 |
| 10:30 | hk | DedeadorBoing · wall_segment Palisade Wall x7 |
| 10:36 | Trundle the Great · age_up feudal |
| 10:38 | Trundle the Great · first_building Archery Range |
| 11:05 | Trundle the Great · wall_segment Palisade Wall x14 |
| 11:44 | hk | DedeadorBoing · wall_segment Palisade Wall x3 |
| 11:48 | hk | DedeadorBoing · first_building Stable |
| 11:49 | hk | DedeadorBoing · wall_segment Palisade Wall x1 |
| 12:41 | hk | DedeadorBoing · wall_segment Palisade Wall x3 |
| 12:59 | Trundle the Great · wall_segment Palisade Wall x3 |
| 13:07 | Trundle the Great · wall_segment Palisade Wall x6 |
| 13:57 | Trundle the Great · wall_segment Palisade Wall x1 |
| 17:29 | hk | DedeadorBoing · wall_segment Palisade Wall x1 |
| 17:54 | Trundle the Great · first_market_buy 100 food |
| 17:58 | hk | DedeadorBoing · wall_segment Palisade Wall x1 |
| 19:23 | hk | DedeadorBoing · age_up castle |
| 19:44 | Trundle the Great · age_up castle |
| 19:44 | hk | DedeadorBoing · wall_segment Palisade Wall x1 |
| 19:55 | Trundle the Great · first_building Monastery |
| 20:22 | Trundle the Great · first_market_sell 100 wood |
| 20:39 | hk | DedeadorBoing · first_market_buy 100 wood |
| 20:46 | hk | DedeadorBoing · first_building Monastery |
| 21:11 | hk | DedeadorBoing · first_building Siege Workshop |
| 21:47 | Trundle the Great · wall_segment Palisade Wall x1 |
| 25:28 | Trundle the Great · first_building Stable |
| 29:21 | hk | DedeadorBoing · wall_segment Palisade Wall x1 |
| 29:22 | hk | DedeadorBoing · wall_segment Stone Wall x3 |
| 29:23 | hk | DedeadorBoing · wall_segment Stone Wall x2 |
| 29:44 | Trundle the Great · first_building Castle |
| 30:08 | Trundle the Great · age_up imperial |
| 31:16 | hk | DedeadorBoing · first_building Castle |
| 33:55 | hk | DedeadorBoing · first_market_sell 100 food |
| 34:12 | hk | DedeadorBoing · age_up imperial |
| 34:19 | Trundle the Great · first_building Siege Workshop |
| 39:02 | hk | DedeadorBoing · first_building Archery Range |
| 56:32 | Trundle the Great · resign |
[ AI ANALYSIS · 1 CREDIT ]
What really happened in this match?
Wolo.gg analyzes every decision: build order, eco, micro, common mistakes by bracket. Personalized analysis on WhatsApp or Discord in 30 seconds.
Civ guide
Lithuanians
Perfil
Jugador #6368179